 Dungeon Crawl Stone Soup version 0.29-a0-330-g52719c12eb (webtiles) character file.

Game seed: 6826617128950065163

269 Miritol the Bolt Thrower (level 6, -8/35 HPs)
             Began as a Tengu Hunter on May 9, 2022.
             Mangled by an orc warrior
             ... wielding a +0 short sword
              (12 damage)
             ... on level 5 of the Dungeon.
             The game lasted 00:05:24 (3642 turns).

Miritol the Bolt Thrower (Tengu Hunter)             Turns: 3642, Time: 00:05:25

Health: -8/35      AC:  7    Str: 13    XL:     6   Next: 22%
Magic:  7/7        EV: 13    Int:  9    God:
Gold:   315        SH:  0    Dex: 18    Spells: 5/5 levels left

rFire   . . .      SeeInvis .   a - +1 hand crossbow
rCold   . . .      Faith    .   (no shield)
rNeg    . . .      Spirit   .   h - +1 ring mail {rPois}
rPois   +          Reflect  .   (helmet restricted)
rElec   .          Harm     .   (no cloak)
rCorr   .          Rampage  .   (no gloves)
Will    +....                   (boots unavailable)
Stlth   +.........              k - amulet of the acrobat
HPRegen 0.11/turn               s - ring of willpower
MPRegen 0.10/turn               (no ring)

@: flying quickly and evasively, quick
A: beak, talons 3, nimble flight
a: no special abilities


You were on level 5 of the Dungeon.
You visited 1 branch of the dungeon, and saw 7 of its levels.

You collected 315 gold pieces.

Inventory:

Hand Weapons
 a - a +1 hand crossbow (weapon)
Missiles
 i - 2 throwing nets
Armour
 h - a +1 ring mail of poison resistance (worn)
Jewellery
 g - an amulet of reflection
 k - an amulet of the acrobat (around neck)
 s - a ring of willpower (left hand)
Wands
 v - a wand of polymorph (6)
 w - a wand of iceblast (10)
Scrolls
 b - 3 scrolls of identify {unknown}
 c - a scroll of immolation
 j - a scroll of magic mapping {unknown}
 l - 2 scrolls of torment {unknown}
 o - 4 scrolls of teleportation {unknown}
 p - a scroll of vulnerability {unknown}
 q - a scroll of enchant armour {unknown}
 r - a scroll of noise {unknown}
 x - a scroll of fog {unknown}
Potions
 d - 3 potions of lignification {unknown}
 e - a potion of heal wounds {unknown}
 f - 5 potions of curing {unknown}
 m - 2 potions of flight {unknown}
 n - 3 potions of haste
 t - a potion of mutation {unknown}
 u - a potion of might {unknown}
 z - a potion of ambrosia {unknown}
 A - a potion of degeneration {unknown}


   Skills:
 - Level 2.0 Fighting
 + Level 6.4 Crossbows
 + Level 4.4 Armour
 - Level 2.1 Dodging
 - Level 1.0 Stealth


You had 5 spell levels left.
You didn't know any spells.
Your spell library contained the following spells:

 Spells                   Type           Power      Damage    Failure   Level
 Magic Dart               Conj           0%         1d3       63%         1
 Call Imp                 Summ           0%         N/A       77%         2
 Scorch                   Fire           0%         2d5       77%         2
 Mephitic Cloud           Conj/Pois/Air  0%         N/A       94%         3
 Flame Wave               Conj/Fire      0%         2d4       100%        4
 Summon Cactus Giant      Summ           0%         N/A       100%        6


Dungeon Overview and Level Annotations

Branches:
Dungeon (7/15)
 Temple: D:4-7

Altars:


Innate Abilities, Weirdness & Mutations

You have a beak for a mouth.
You have claws for feet.
Your magical nature lets you fly swiftly and evasively.


Message History

Unknown command.
Unknown command.
Unknown command.
Unknown command.
You are too injured to fight recklessly!
You are too injured to fight recklessly!
You are too injured to fight recklessly!
Shoot: a) +1 hand crossbow
Press: ? - help, Q - select action, (/) - cycle Shift-Dir - straight line, f/p - orc warrior
Aim: an orc warrior, wielding a +0 short sword and wearing a +0 plate armour (severely wounded, 67% to hit)
You shoot a bolt.
The bolt closely misses the orc warrior.
The bolt barely misses the hound.
The orc warrior hits you but does no damage.
Shoot: a) +1 hand crossbow
Press: ? - help, Q - select action, (/) - cycle Shift-Dir - straight line, f/p - orc warrior
Aim: an orc warrior, wielding a +0 short sword and wearing a +0 plate armour (severely wounded, 67% to hit)
You shoot a bolt.
The bolt hits the orc warrior but does no damage.
The orc warrior is severely wounded.
The orc warrior hits you with a +0 short sword.
* * * LOW HITPOINT WARNING * * *
Shoot: a) +1 hand crossbow
Press: ? - help, Q - select action, (/) - cycle Shift-Dir - straight line, f/p - orc warrior
Aim: an orc warrior, wielding a +0 short sword and wearing a +0 plate armour (severely wounded, 67% to hit)
You shoot a bolt. The bolt hits the orc warrior.
The orc warrior is severely wounded.
The orc warrior hits you with a +0 short sword.
* * * LOW HITPOINT WARNING * * *
The orc wizard mumbles some strange words.
The orc wizard flickers and vanishes!
Shoot: a) +1 hand crossbow
Press: ? - help, Q - select action, (/) - cycle Shift-Dir - straight line, f/p - orc warrior
Aim: an orc warrior, wielding a +0 short sword and wearing a +0 plate armour (severely wounded, 67% to hit)
You shoot a bolt.
The bolt closely misses the orc warrior.
The bolt hits the hound but does no damage.
An orc comes into view. It is wielding a +0 short sword.
The orc warrior hits you with a +0 short sword!
You die...

# o#.#
...######{c..#
.......@o{h..#
...######{..$#
##... #


You could see an orc warrior, a centaur, a hound and an orc.

Vanquished Creatures
  Blork the orc (D:4)
  A hound (D:4)
  An iguana (D:4)
  5 adders
  2 ufetubi (D:4)
  A worm (D:2)
  3 dart slugs
  7 orcs
  6 endoplasms
  2 giant cockroaches
  4 goblins
  10 hobgoblins
  4 jackals
  12 kobolds
  11 ball pythons
  4 bats
  2 frilled lizards
  6 rats
82 creatures vanquished.

Notes
Turn   | Place    | Note
-------+----------+-------------------------------------------
     0 | D:1      | Miritol the Tengu Hunter began the quest for the Orb.
     0 | D:1      | Reached XP level 1. HP: 12/12 MP: 2/2
   109 | D:1      | Reached skill level 1 in Armour
   118 | D:1      | Reached XP level 2. HP: 17/17 MP: 3/3
   485 | D:1      | Reached XP level 3. HP: 17/21 MP: 4/4
   941 | D:2      | Reached skill level 5 in Crossbows
  1620 | D:3      | Reached XP level 4. HP: 26/26 MP: 5/5
  2536 | D:4      | Noticed Blork the orc
  2552 | D:4      | Killed Blork the orc
  2553 | D:4      | Gained mutation: Your magical nature lets you fly swiftly
                  | and evasively. [Tengu growth]
  2553 | D:4      | Reached XP level 5. HP: 15/30 MP: 6/6
  2865 | D:4      | Reached skill level 6 in Crossbows
  3309 | D:4      | Reached XP level 6. HP: 31/35 MP: 7/7
  3578 | D:5      | Entered Level 5 of the Dungeon
  3589 | D:5      | You are sucked into a shaft and drop 2 floors!
  3617 | D:6      | Noticed a water moccasin
  3626 | D:5      | Noticed an orc warrior
  3642 | D:5      | Mangled by an orc warrior

Illustrated notes

Levels and vault maps discovered:
D:1:      matt_arrival_los_fun, layout_loops_corners
D:2:      layout_loops_ring
D:3:      minmay_angry_zag, layout_loops_ring, minmay_cut_off
D:4:      layout_basic, columned_hall_lemuel, kennysheep_dice,
          uniq_blork_the_orc
D:5:      layout_loops_ring, minmay_temple_entry_tees
D:6:      layout_gridville, portal_sewer_entry_e, gammafunk_ghost_grave,
          minmay_checkerbox
D:7:      layout_gridville, gammafunk_ghost_nasty_kobolds

Skill      XL: |  1  2  3  4  5 |
---------------+----------------+-----
Armour         | 1 2 3 4 |  4.4
Crossbows      | 5 6 |  6.4
Fighting       | |  2.0
Dodging        | |  2.1
Stealth        | |  1.0

Action                   |  1- 3 |  4- 6 || total
-------------------------+-------+-------++-------
 Fire: Hand crossbow     |   111 |   149 ||   260
Armor: Leather armour    |     7 |       ||     7
       Ring mail         |     8 |    19 ||    27
       Skin              |       |     9 ||     9
Dodge: Dodged            |    24 |    53 ||    77
Block: Other             |     3 |       ||     3

Table legend: (Time is in decaauts)
 A = Elapsed time spent in this place.
 B = Non-inter-level travel time spent in this place.
 C = Inter-level travel time spent in this place.
 D = Time resting spent in this place.
 E = Time spent auto-exploring this place.
 F = Levels seen in this place.
 G = Mean time per level.
                   A        B        C        D        E       F      G
               +--------+--------+--------+--------+--------+-----+--------+
         Total |   3667 |   3564 |    103 |    196 |   2819 |   7 |  523.9 |
       Dungeon |   3667 |   3564 |    103 |    196 |   2819 |   7 |  523.9 |
               +--------+--------+--------+--------+--------+-----+--------+

Top non-repeatable levels by time:
     D:4: 1096 daAuts
     D:3: 947 daAuts
     D:1: 919 daAuts
     D:2: 638 daAuts
     D:5: 30 daAuts
     D:7: 22 daAuts
     D:6: 12 daAuts
